 Dungeon Crawl Stone Soup version 0.29-a0-334-gb41bcbb (webtiles) character file.

Game seed: 14822045097077861100

475 Violenta the Chopper (level 6, -14/84 HPs)
             Began as a Minotaur Berserker on Apr 15, 2022.
             Was a Believer of Trog.
             Demolished by a two-headed ogre
             ... wielding a +0 giant spiked club
              (21 damage)
             ... on level 7 of the Dungeon.
             The game lasted 00:03:44 (3119 turns).

Violenta the Chopper (Minotaur Berserker)           Turns: 3119, Time: 00:03:44

Health: -14/84     AC: 13    Str: 24    XL:     6   Next: 84%
Magic:  5/5        EV:  7    Int:  4    God:    Trog [**....]
Gold:   407        SH:  0    Dex:  9    Spells: 5/5 levels left

rFire   . . .      SeeInvis .   a - +0 hand axe
rCold   . . .      Faith    .   (no shield)
rNeg    . . .      Spirit   .   g - +0 plate armour
rPois   .          Reflect  .   (helmet restricted)
rElec   .          Harm     .   (no cloak)
rCorr   .          Rampage  .   (no gloves)
Will    .....                   f - +0 pair of boots
Stlth   ..........              (no amulet)
HPRegen 0.24/turn               (no ring)
MPRegen 0.09/turn               (no ring)

@: berserking, lethally poisoned (-14 -> -18), very quick
A: horns 2, retaliatory headbutt
a: Renounce Religion, Berserk, Trog's Hand


You were on level 7 of the Dungeon.
You worshipped Trog.
Trog was pleased with you.
You visited 1 branch of the dungeon, and saw 5 of its levels.

You collected 407 gold pieces.

Inventory:

Hand Weapons
 a - a +0 hand axe (weapon)
 s - the +6 mace of Extinguishment {flame, Will+ Dex+3}
   (You found it on level 4 of the Dungeon)

   It burns those it strikes, dealing additional fire damage.
   Dex:       It affects your dexterity (+3).
   Will:      It increases your willpower.
Missiles
 r - 2 throwing nets (quivered)
Armour
 f - a +0 pair of boots (worn)
 g - a +0 plate armour (worn)
Scrolls
 c - a scroll of fear {unknown}
 e - 2 scrolls of amnesia {unknown}
 h - a scroll of enchant weapon {unknown}
 j - 5 scrolls of vulnerability {unknown}
 l - 3 scrolls of teleportation {unknown}
 n - a scroll of enchant armour {unknown}
 o - a scroll of identify {unknown}
 p - 2 scrolls of magic mapping {unknown}
Potions
 b - a potion of heal wounds {unknown}
 d - a potion of degeneration {unknown}
 i - a potion of mutation {unknown}
 k - a potion of lignification {unknown}
 m - a potion of flight {unknown}
 q - a potion of magic {unknown}


   Skills:
 + Level 5.2 Fighting
 * Level 6.5 Axes
 + Level 4.5 Armour
 + Level 4.1 Dodging


You had 5 spell levels left.
You didn't know any spells.
Your spell library was empty.

Dungeon Overview and Level Annotations

Branches:
Dungeon (4/15)
 Temple: D:4-7

Altars:
Gozag
Hepliaklqana
Wu Jian

Annotations:
D:4 2 runed translucent doors, Crazy Yiuf; Nithhogg's ghost, novice HOFi


Innate Abilities, Weirdness & Mutations

You have a pair of horns on your head.
You reflexively headbutt those who attack you in melee.


Message History

The water moccasin bites you but does no damage.
You hit the water moccasin.
The water moccasin is almost dead.
You feel sick. The water moccasin bites you. x2
You are more poisoned.
The water moccasin poisons you!
You closely miss the water moccasin.
The water moccasin is almost dead.
You feel very sick.
The water moccasin bites you but does no damage.
You barely miss the water moccasin.
The water moccasin is almost dead.
You feel very sick.
The water moccasin bites you but does no damage.
The water moccasin barely misses you.
You are too injured to fight recklessly!
A red film seems to cover your vision as you go berserk!
You feel yourself moving faster!
You feel mighty!
You feel sick.
The water moccasin bites you but does no damage.
You are too injured to fight recklessly!
You are too injured to fight recklessly!
You are too injured to fight recklessly!
You slash the water moccasin!
You kill the water moccasin!
Trog accepts your kill.
You feel sick.
Your Dodging skill increases to level 4!
You feel sick.
The two-headed ogre hits you with a +0 giant spiked club!
The two-headed ogre hits you with a +0 giant club!!
* * * LOW HITPOINT WARNING * * *
You see here a water moccasin corpse.
You slash the two-headed ogre! You headbutt the two-headed ogre.
The two-headed ogre is moderately wounded.
You feel sick.
You barely miss the two-headed ogre. You headbutt the two-headed ogre.
The two-headed ogre is moderately wounded.
You feel sick.
The two-headed ogre hits you with a +0 giant spiked club!!
You die...

#....#...# #........#
#........ #....#
###....# #..###.#
#....#.# . #....#.# ..
#....#@#
..##########.###O#
#...........#..o.....O.
#........#..#..........
#........#..+.=....#...
+........#..#......# ..
#........'..#......+
#........#+##..>...#
#....##+#........####


You could see a two-headed ogre and an orc.

Vanquished Creatures
  A water moccasin (D:7)
  An ice beast (D:4)
  A phantom (D:7)
  An orc priest (D:4)
  Natasha (twice) (D:2)
  An iguana (D:4)
  3 adders
  A worm (D:3)
  A dart slug (D:1)
  5 orcs (D:4)
  7 ball pythons
  10 bats
  6 endoplasms
  3 giant cockroaches
  3 goblins
  5 hobgoblins
  2 quokkas (D:1)
  5 frilled lizards
  4 kobolds
  2 rats
64 creatures vanquished.

Notes
Turn   | Place    | Note
-------+----------+-------------------------------------------
     0 | D:1      | Violenta the Minotaur Berserker began the quest for the
                  | Orb.
     0 | D:1      | Reached XP level 1. HP: 19/19 MP: 0/0
   255 | D:1      | Reached XP level 2. HP: 27/27 MP: 1/1
   409 | D:1      | Reached skill level 4 in Axes
   705 | D:1      | Reached XP level 3. HP: 17/33 MP: 2/2
  1052 | D:1      | Reached ** piety under Trog
  1660 | D:2      | Found a faded altar of an unknown god.
  1788 | D:2      | Noticed Natasha
  1798 | D:2      | Killed Natasha
  1799 | D:2      | Reached XP level 4. HP: 40/40 MP: 3/3
  1896 | D:2      | Noticed Natasha
  1904 | D:2      | Killed Natasha
  1905 | D:2      | Reached skill level 5 in Axes
  2025 | D:3      | Found an opulent altar of Gozag.
  2379 | D:4      | Found a hazy altar of Hepliaklqana.
  2400 | D:4      | Noticed a bullfrog
  2403 | D:4      | Found a runed translucent door.
  2416 | D:4      | Noticed Nithhogg's ghost (novice HOFi)
  2444 | D:4      | Reached XP level 5. HP: 29/47 MP: 4/4
  2856 | D:4      | Found an ornate altar of the Wu Jian Council.
  2859 | D:4      | Noticed an ice beast
  2866 | D:4      | Killed an ice beast
  2867 | D:4      | Reached XP level 6. HP: 37/55 MP: 5/5
  3026 | D:4      | Identified the +6 mace of Extinguishment {flame, Will+
                  | Dex+3}
  3029 | D:4      | Found a runed translucent door.
  3030 | D:4      | Noticed Crazy Yiuf
  3052 | D:4      | You fall into a shaft and drop 3 floors!
  3076 | D:7      | Reached skill level 5 in Fighting
  3076 | D:7      | Reached skill level 6 in Axes
  3104 | D:7      | Noticed a water moccasin
  3107 | D:7      | Noticed a two-headed ogre
  3116 | D:7      | Killed a water moccasin
  3119 | D:7      | Demolished by a two-headed ogre

Illustrated notes

Levels and vault maps discovered:
D:1:      nicolae_arrival_somewhat_less_tricky_arrival, layout_basic,
          hangedman_decor_diamond_cutter, st_stairs_7
D:2:      layout_loops_ring, basic_ecumenical_altar, uniq_natasha
D:3:      layout_rooms, lemuel_round_altar
D:4:      layout_loops_cross, nicolae_hepliaklqana_hazy_memory,
          pdpol_wu_jian_five_deadly_venoms, ebering_ghost_sewer_d, serial_glass,
          glass_columns_b, glass_columns_c, st_stairs_8, uniq_crazy_yiuf_cottage
D:7:      layout_gridville, minmay_checkerbox, uniq_joseph

Skill      XL: |  1  2  3  4  5  6 |
---------------+-------------------+-----
Axes           | 4 5 6 |  6.5
Fighting       | 4 5 |  5.2
Armour         | 3 4 |  4.5
Dodging        | 3 4 |  4.1

Action                   |  1- 3 |  4- 6 || total
-------------------------+-------+-------++-------
Melee: Hand axe          |    75 |    69 ||   144
       Headbutt          |     8 |    16 ||    24
Invok: Trog's Hand       |       |     1 ||     1
       Berserk           |       |     2 ||     2
Armor: Animal skin       |     7 |       ||     7
       Plate armour      |    35 |    33 ||    68
Dodge: Dodged            |    39 |    25 ||    64

Table legend: (Time is in decaauts)
 A = Elapsed time spent in this place.
 B = Non-inter-level travel time spent in this place.
 C = Inter-level travel time spent in this place.
 D = Time resting spent in this place.
 E = Time spent auto-exploring this place.
 F = Levels seen in this place.
 G = Mean time per level.
                   A        B        C        D        E       F      G
               +--------+--------+--------+--------+--------+-----+--------+
         Total |   3135 |   3009 |    126 |    136 |   2454 |   5 |  627.0 |
       Dungeon |   3135 |   3009 |    126 |    136 |   2454 |   5 |  627.0 |
               +--------+--------+--------+--------+--------+-----+--------+

Top non-repeatable levels by time:
     D:1: 1234 daAuts
     D:2: 728 daAuts
     D:4: 683 daAuts
     D:3: 423 daAuts
     D:7: 65 daAuts
